 Dungeon Crawl Stone Soup version 0.20.2-3-g29329e0561 (webtiles) character file.

161 Alfie the Covered (level 5, -10/46 HPs)
             Began as a Minotaur Fighter on Oct 22, 2020.
             Killed by divine providence
             ... invoked by an orc priest
              (11 damage)
             ... on level 3 of the Dungeon.
             The game lasted 00:04:45 (1446 turns).

Alfie the Covered (Minotaur Fighter)                Turns: 1446, Time: 00:04:45

Health: -10/46     AC:  7    Str: 27    XL:     5   Next: 19%
Magic:  4/4        EV: 13    Int:  5    God:
Gold:   97         SH: 10    Dex: 14    Spells: 4/4 levels left

rFire    . . .     SeeInvis .   a - +1 long sword
rCold    . . .     Gourm    .   c - +0 shield
rNeg     . . .     Faith    .   b - +0 scale mail
rPois    .         Spirit   .   (helmet restricted)
rElec    .         Reflect  .   (no cloak)
rCorr    .         Harm     .   (no gloves)
MR       .....                  (no boots)
Stlth    +.........             (no amulet)
Regen    0.2/turn               (no ring)
MPRegen  0.1/turn               (no ring)

@: mighty, agile
A: retaliatory headbutt, horns 2
a: no special abilities


You were on level 3 of the Dungeon.
You were not hungry.

You visited 1 branch of the dungeon, and saw 3 of its levels.

You collected 97 gold pieces.

Inventory:

Hand Weapons
 a - a +1 long sword (weapon)
Armour
 b - a +0 scale mail (worn)
 c - a +0 shield (worn)
Wands
 o - a wand of polymorph (11/24)
Scrolls
 e - 2 scrolls of teleportation
 h - 5 scrolls of identify
 k - a scroll of amnesia {unknown}
 l - a scroll of magic mapping
 m - 2 scrolls of remove curse
 n - a scroll of fog {unknown}
Potions
 j - a potion of agility
Comestibles
 f - 3 bread rations
 g - 2 royal jellies
 i - a meat ration


   Skills:
 + Level 4.0 Fighting
 + Level 4.2 Long Blades
 + Level 4.8 Armour
 + Level 0.7 Dodging
 + Level 0.1 Stealth
 + Level 4.4 Shields
 + Level 1.0 Unarmed Combat


You had 4 spell levels left.
You didn't know any spells.

Dungeon Overview and Level Annotations

Branches:
Dungeon (3/15)

Altars:


Innate Abilities, Weirdness & Mutations

You reflexively headbutt those who attack you in melee.
You have a pair of horns on your head.


Message History

The orc priest barely misses you. You furiously retaliate!
You headbutt the orc priest, but do no damage.
You riposte.
You closely miss the orc priest. Your headbutt misses the orc priest.
The orc priest is almost dead.
You feel very mighty all of a sudden.
You slash the orc priest!
You kill the orc priest!
Your Long Blades skill increases to level 4!
You have reached level 5!
The orc priest hits you but does no damage.
You barely miss the orc priest. You headbutt the orc priest.
The orc priest is moderately wounded.
The orc priest hits you with a dagger.
* * * LOW HITPOINT WARNING * * *
You hit the orc priest.
The orc priest is severely wounded.
The orc priest mumbles some strange prayers to Beogh against you.
Beogh smites you!
You die...

*,,* *******,,,,,
#..# *,**,* #.!*
*,,,<*
#..**********,**,*
#..,,,,,,,,,,,**,*
#.#*************,*
#o# *,* #o# *,*
#@# ###****,* #.#
#..,,,,,* #.#
#.#****,* #.######
#.# *,* #.##...#
#.# *,*
#......###.#####..
####.....<.).(..#*
#..........####.#
#...........# *,#


You could see an orc priest and an orc.

Vanquished Creatures
  An orc priest (D:3)
  A centaur skeleton (D:3)
  Terence (D:3)
  2 adders (D:2)
  An ooze (D:1)
  A dart slug (D:2)
  An orc (D:3)
  A giant cockroach (D:2)
  6 goblins
  5 hobgoblins
  7 jackals
  3 kobolds
  A ball python (D:2)
  8 bats
  2 frilled lizards
  15 rats
56 creatures vanquished.

Notes
Turn   | Place    | Note
-------+----------+-------------------------------------------
     0 | D:1      | Alfie the Minotaur Fighter began the quest for the Orb.
     0 | D:1      | Reached XP level 1. HP: 19/19 MP: 0/0
    70 | D:1      | Reached XP level 2. HP: 23/27 MP: 1/1
   480 | D:1      | Reached XP level 3. HP: 33/33 MP: 2/2
  1255 | D:2      | Reached XP level 4. HP: 39/40 MP: 3/3
  1373 | D:3      | Noticed Terence
  1403 | D:3      | Killed Terence
  1440 | D:3      | Reached skill level 1 in Unarmed Combat
  1444 | D:3      | Reached XP level 5. HP: 4/46 MP: 4/4
  1445 | D:3      | HP: 1/46 [orc priest/dagger (4)]
  1446 | D:3      | Killed from afar by an orc priest

Skill      XL: |  1  2  3  4 |
---------------+-------------+-----
Armour         | 4 |  4.8
Long Blades    | 3 4 |  4.2
Shields        | 4 |  4.4
Fighting       | 4 |  4.0
Unarmed Combat | 1 |  1.0
Dodging        | |  0.7
Stealth        | |  0.1

Action                   |  1- 3 |  4- 6 || total
-------------------------+-------+-------++-------
Melee: Long sword        |   108 |    11 ||   119
       Headbutt          |    14 |     3 ||    17
       Unarmed           |       |    20 ||    20
  Use: Scroll            |     4 |     1 ||     5
       Potion            |       |     3 ||     3
  Eat: Bread ration      |     1 |       ||     1
Armor: Scale mail        |    87 |     3 ||    90
       Skin              |       |     2 ||     2
Dodge: Dodged            |    39 |    33 ||    72
Block: Shield            |    92 |     7 ||    99
       Rpst.: Long sword |    12 |     2 ||    14
